 Dungeon Crawl Stone Soup version 0.19.1-1-g22dce08 (webtiles) character file.

121 Joat the Chiller (level 4, -4/37 HPs)
             Began as a Draconian Ice Elementalist on Jan 16, 2017.
             Killed from afar by an orc wizard (6 damage)
             ... with a puff of frost
             ... on level 2 of the Dungeon.
             The game lasted 00:08:00 (1726 turns).

Joat the Chiller (Draconian Ice Elementalist)       Turns: 1726, Time: 00:08:02

Health: -4/37      AC:  6    Str: 10    XL:     4   Next: 77%
Magic:  5/7        EV: 13    Int: 16    God:
Gold:   68         SH:  0    Dex: 12    Spells: 2 memorised, 3 levels left

rFire  . . .     SeeInvis .     c - +0 spear (curse)
rCold  . . .     Gourm    .     (armour unavailable)
rNeg   . . .     Faith    .     (no shield)
rPois  .         Spirit   .     (helmet restricted)
rElec  .         Reflect  .     (no cloak)
rCorr  .         Harm     .     f - +0 pair of gloves
MR     .....                    (no boots)
Stlth  ++........               (no amulet)
                                (no ring)
                                (no ring)

@: lethally poisoned (-4 -> -17)
A: unfitting armour, cold-blooded, AC +5
a: no special abilities


You were on level 2 of the Dungeon.
You were very hungry.

You visited 1 branch of the dungeon, and saw 3 of its levels.

You collected 68 gold pieces.

Inventory:

Hand Weapons
 c - a cursed +0 spear (weapon)
 g - a +0 hand axe
Armour
 f - a +0 pair of gloves (worn)
Scrolls
 h - 2 scrolls of remove curse {unknown}
 k - a scroll of fog {unknown}
 l - a scroll of identify {unknown}
 m - a scroll of magic mapping {unknown}
 n - a scroll of enchant weapon {unknown}
Potions
 d - 3 potions of curing {unknown}
 e - a potion of degeneration {unknown}
 i - a potion of might {unknown}
Books
 a - a book of Frost

   Spells                             Type                      Level
   a - Freeze                         Ice                          1
   b - Throw Frost                    Conjuration/Ice              2
   c - Ozocubu's Armour               Charms/Ice                   3
   d - Throw Icicle                   Conjuration/Ice              4
   e - Summon Ice Beast               Ice/Summoning                4
Comestibles
 b - 3 bread rations
 j - a beef jerky


   Skills:
 + Level 2.9 Fighting
 + Level 2.7 Dodging
 - Level 1.7 Stealth
 + Level 2.6 Spellcasting
   Level 1.0 Conjurations
 + Level 1.0 Summonings
 + Level 3.2 Ice Magic


You had 3 spell levels left.
You knew the following spells:

 Your Spells              Type           Power        Failure   Level  Hunger
a - Freeze                Ice            ##..         8%          1    #......
c - Summon Ice Beast      Ice/Summ       #.......     85%         4    #####..


Dungeon Overview and Level Annotations

Branches:
Dungeon (3/15)

Altars:


Innate Abilities, Weirdness & Mutations

Your plain brown scales are hard. (AC +5)
You cannot fit into any form of body armour.
You are cold-blooded and may be slowed by cold attacks.


Message History

* * * LOW HITPOINT WARNING * * *
You feel sick. The orc wizard barely misses you.
You hit the orc wizard.
You tail-slap the orc wizard, but do no damage.
The orc wizard is moderately wounded.
* * * LOW HITPOINT WARNING * * *
You feel sick.
The orc wizard casts a cantrip, but nothing happens.
You hit the orc wizard.
Your tail-slap misses the orc wizard.
The orc wizard is heavily wounded.
* * * LOW HITPOINT WARNING * * *
You feel sick. The orc wizard hits you with a dagger.
* * * LOW HITPOINT WARNING * * *
You hit the orc wizard.
The orc wizard is severely wounded.
* * * LOW HITPOINT WARNING * * *
You feel sick.
The orc wizard points at you and mumbles some strange words.
The puff of frost hits you!
You die...

##### ####### #...# #.....#
#...####### #.....#
#...#......
#.....####...#.#####
##..@..'...........).
#..).o.############..
#....))...(...#####..
#........(...........
#.......#...#.....#..
#.###...#.#.#####.#..
#########.###.###.#.###.#.#..
#.............# #.#......)#..
#.##.......#### #.#.....#....


You could see an orc wizard.

Vanquished Creatures
  An orc priest (D:2)
  3 gnolls (D:2)
  2 adders (D:2)
  2 worms (D:2)
  2 dart slugs (D:1)
  A leopard gecko (D:1)
  2 giant cockroaches (D:2)
  5 goblins (D:1)
  5 hobgoblins
  A quokka (D:3)
  3 bats
  3 frilled lizards
  3 kobolds (D:2)
  5 rats
38 creatures vanquished.

Notes
Turn   | Place    | Note
-------+----------+-------------------------------------------
     0 | D:1      | Joat the Draconian Ice Elementalist began the quest for the Orb.
     0 | D:1      | Reached XP level 1. HP: 14/14 MP: 3/3
    71 | D:1      | Reached skill level 1 in Fighting
   226 | D:1      | Reached XP level 2. HP: 13/24 MP: 5/5
   707 | D:2      | Reached XP level 3. HP: 28/30 MP: 6/6
  1492 | D:2      | Reached XP level 4. HP: 24/37 MP: 2/7
  1501 | D:2      | Learned a level 4 spell: Summon Ice Beast
  1722 | D:2      | Reached skill level 1 in Summonings
  1726 | D:2      | Killed from afar by an orc wizard

Skill      XL: |  1  2  3  4 |
---------------+-------------+-----
Fighting       | 1 2 |  2.9
Dodging        | 2 |  2.7
Summonings     | 1 |  1.0
Stealth        | |  1.7
Spellcasting   | |  2.6
Conjurations   | |  1.0
Ice Magic      | |  3.2

Action                   |  1- 3 |  4- 6 || total
-------------------------+-------+-------++-------
Melee: Unarmed           |    16 |       ||    16
       Hand axe          |    84 |     1 ||    85
       Tailslap          |     8 |     1 ||     9
       Spear             |       |    16 ||    16
 Cast: Freeze            |    20 |     8 ||    28
 Stab: Sleeping          |     3 |     1 ||     4
  Eat: Chunk             |     2 |       ||     2
Armor: Skin              |    36 |     9 ||    45
Dodge: Dodged            |    70 |     7 ||    77
